 Dungeon Crawl Stone Soup version 0.32-a0-918-g0f22ef8d61 (webtiles) character file.

Game seed: 1208405948265258301

6714 Revguard the Trooper (level 11, -2/68 HPs)
             Began as a Gargoyle Fighter on Apr 11, 2024.
             Was a Believer of the Shining One.
             Killed by the air
             ... invoked by Jeremiah the wind drake
              (11 damage)
             ... on level 9 of the Dungeon.
             The game lasted 00:19:32 (7373 turns).

Revguard the Trooper (Gargoyle Fighter)             Turns: 7373, Time: 00:19:33

Health: -2/68      AC: 20    Str: 24      XL:     11   Next: 3%
Magic:  15/15      EV:  7    Int:  7 (8)  God:    the Shining One [**....]
Gold:   472        SH:  5    Dex: 12 (13) Spells: 10/10 levels left

rFire   . . .        B - +10 short sword of Ambiguity {flame, rElec Dex+2}
rCold   + . .        c - +0 buckler
rNeg    + + .        x - +0 plate armour
rPois   ∞            D - +0 helmet
rElec   +            l - +0 cloak
rCorr   .            v - +0 pair of gloves {Str+3}
SInv    +            m - +0 pair of boots
Will    .....        (no amulet) Stlth
                     r - ring of see invisible
HPRegen 0.31/turn    h - ring of protection from cold
MPRegen 0.14/turn

%: random rage (3%)
@: about to teleport, corroded, glowing
A: sickness immunity, AC +8, negative energy resistance 1, electricity
resistance, torment resistance 1, petrification resistance, iridescent scales 1,
berserk 1, clumsy 1, deterioration 1
a: Renounce Religion, Divine Shield


You were on level 9 of the Dungeon.
You worshipped the Shining One.
The Shining One was pleased with you.
You visited 2 branches of the dungeon, and saw 10 of its levels.

You collected 472 gold pieces.

Inventory:

Hand Weapons
 B - the +10 short sword of Ambiguity (weapon) {flame, rElec Dex+2}
   (You found it on level 7 of the Dungeon)

   Dex+2:     It affects your dexterity (+2).
   rElec:     It insulates you from electricity.
 H - a +1 long sword of freezing
Missiles
 G - 3 throwing nets
Armour
 b - a +0 scale mail
 c - a +0 buckler (worn)
 l - a +0 cloak (worn)
 m - a +0 pair of boots (worn)
 v - a +0 pair of gloves of strength (worn)
 x - a +0 plate armour (worn)
 z - a +0 chain mail
 D - a +0 helmet (worn)
Jewellery
 a - a ring of fire
 h - a ring of protection from cold (right hand)
 r - a ring of see invisible (left hand)
 w - an amulet of faith
 A - a ring of ice
Wands
 d - a wand of flame (35) (quivered)
 f - a wand of digging (3)
 i - a wand of polymorph (10)
Scrolls
 e - 2 scrolls of blinking
 g - 2 scrolls of revelation {unknown}
 j - 3 scrolls of immolation {unknown}
 k - 5 scrolls of teleportation
 n - 2 scrolls of noise {unknown}
 o - a scroll of summoning {unknown}
 q - a scroll of poison {unknown}
 s - 4 scrolls of fear {unknown}
 u - 2 scrolls of vulnerability {unknown}
 y - 2 scrolls of acquirement {unknown}
Potions
 p - a potion of brilliance
 t - 3 potions of cancellation
 C - a potion of lignification
 E - a potion of enlightenment {unknown}
 F - a potion of curing


   Skills:
 + Level 7.8 Fighting
 + Level 6.1 Long Blades
 + Level 7.5 Armour
 + Level 4.9 Dodging
 + Level 7.5 Shields
 + Level 6.6 Invocations
 + Level 5.4 Evocations


You had 10 spell levels left.
You didn't know any spells.
Your spell library contained the following spells:

 Spells                   Type           Power      Damage    Failure   Level
 Slow                     Hex            0%         N/A       100%        1
 Call Imp                 Summ           0%         N/A       100%        2
 Ensorcelled Hibernation  Hex/Ice        0%         N/A       100%        2
 Confusing Touch          Hex            0%         N/A       100%        3
 Dazzling Flash           Conj/Hex       0%         N/A       100%        3
 Fugue of the Fallen      Necr           0%         N/A       100%        3
 Teleport Other           Tloc           0%         N/A       100%        3
 Vampiric Draining        Necr           0%         2d6       100%        3
 Anguish                  Hex/Necr       0%         N/A       100%        4
 Brom's Barrelling Bould  Conj/Erth      0%         2d3       100%        4
 Fireball                 Conj/Fire      0%         3d3       100%        5
 Iskenderun's Battlesphe  Conj           0%         2d6       100%        5
 Conjure Ball Lightning   Conj/Air       0%         3x3d6     100%        6
 Dispersal                Tloc           0%         N/A       100%        6
 Gell's Gavotte           Tloc           0%         2d(11-16) 100%        6
 Starburst                Conj/Fire      0%         6d3       100%        6
 Orb of Destruction       Conj           0%         9d5       100%        7
 Summon Hydra             Summ           0%         N/A       100%        7
 Maxwell's Capacitive Co  Air            0%         ∞         100%        8
 Sublimation of Blood     Necr           Unusable   N/A       N/A         2

Dungeon Overview and Level Annotations

Branches:
Dungeon (9/15)             Temple (1/1) D:5
   Lair: D:8-11         Orc: D:9-12

Altars:
Ashenzari
Cheibriados
Dithmenos
Elyvilon
Fedhas
Gozag
Hepliaklqana
Kikubaaqudgha
Makhleb
Nemelex Xobeh
Okawaru
Qazlal
Sif Muna
Trog
Uskayaw
Vehumet
Wu Jian
Xom
Yredelemnul
Zin
The Shining One

Shops:
D:1 !

Annotations:
D:9 Jeremiah


Innate Abilities, Weirdness & Mutations

You are immune to sickness and miasma.
Your stone body is resilient. (AC +8)
You are immune to poison.
You resist negative energy. (rN+)
You are resistant to electric shocks. (rElec)
You are resistant to unholy torment.
You are immune to petrification.
You are partially covered in iridescent scales. (AC +2)
You sometimes lose your temper in combat.
You are clumsy. (Dex -2)
Your body sometimes deteriorates upon taking damage.


Message History

You completely miss Jeremiah.
Jeremiah is heavily wounded.
The butterfly disappears in a burst of colours!
Jeremiah exhales a fierce blast of wind!
You are knocked back by the gust of wind.
You slam into the rock wall.
Jeremiah exhales a fierce blast of wind!
You are knocked back by the gust of wind.
You slam into the rock wall.
You block Jeremiah's attack.
You hit Jeremiah but do no damage.
Jeremiah is moderately wounded.
Jeremiah bites you but does no damage.
You hit Jeremiah. You burn Jeremiah.
Jeremiah is heavily wounded.
Jeremiah bites you.
You hit Jeremiah but do no damage.
Jeremiah is heavily wounded.
You hit Jeremiah. You burn Jeremiah.
Jeremiah is heavily wounded.
Jeremiah bites you but does no damage. Jeremiah bites you!
You hit Jeremiah. You burn Jeremiah.
Jeremiah is heavily wounded.
Jeremiah exhales a fierce blast of wind!
You are knocked back by the gust of wind.
You slam into the rock wall!
* * * LOW HITPOINT WARNING * * *
Jeremiah bites you but does no damage.
You hit Jeremiah. You burn Jeremiah.
Jeremiah is heavily wounded.
Jeremiah bites you.
* * * LOW HITPOINT WARNING * * *
Blink to where?
Press: ? - help, Dir - move target, p - Jeremiah
As you read the scroll of blinking, it crumbles to dust.
As you read the scroll labelled DIMAF NAJUPU, it crumbles to dust.
You feel strangely unstable.
It was a scroll of teleportation.
Jeremiah flaps its wings at you. The air twists around and strikes you!
You die...

#.# #..# #..#######.###
#.# #..# #..# #.# # #.#
#..# ##.##.)# #.# # #†#
##..####......# #.### #.#
#...[.###.###.# ##..##
#.# #.###.....# #.#
#...>. #.# #.#
#.#######.######.###. #.#
#.###.##.......k.....# #.
#.#
#......#@####.##.###.###.
#.# ##..##..[.....##.#
#..... #.# #[.
###.###..##.# #.#.## #.#
#.. #.###..##.###.....
#.# #. ....F....)....#.##
##.# . ................#
...# ##
##.###...#.###.### ####
#.###.#.#.# #.#
#.......#.# .#.


You could see Jeremiah the wind drake (repels missiles).

Vanquished Creatures
  Erolcha (D:9)
  A two-headed ogre (D:8)
  Joseph (D:8)
  Psyche (D:9)
  Grinder (D:4)
  A shadow (D:9)
  10 yaks (D:9)
  2 steam dragons (D:8)
  2 water moccasins
  A sky beast (D:6)
  An ice beast (D:7)
  An orc warrior (D:8)
  A black bear (D:6)
  2 centaurs
  2 ogres (D:6)
  Blork the orc (D:5)
  A gnoll sergeant (D:8)
  4 bullfrogs
  3 scorpions
  8 wights
  5 killer bees (D:9)
  2 bombardier beetles
  5 hounds
  Crazy Yiuf (D:4)
  2 jellies
  3 orc priests
  3 sleepcaps
  Terence (D:3)
  3 iguanas
  Ijyb (D:3)
  4 orc wizards
  4 gnolls (D:8)
  6 adders
  2 shadow imps
  2 dart slugs
  15 orcs
  5 bats
  5 endoplasms
  5 giant cockroaches
  8 goblins
  5 hobgoblins
  6 jackals
  A quokka (D:2)
  6 ball pythons
  4 frilled lizards
  8 kobolds
  5 rats
162 creatures vanquished.

Notes
Turn   | Place    | Note
-------+----------+-------------------------------------------
     0 | D:1      | Revguard the Gargoyle Fighter began the quest for the Orb.
     0 | D:1      | Reached XP level 1. HP: 14/14 MP: 1/1
    92 | D:1      | Reached XP level 2. HP: 19/19 MP: 2/2
   102 | D:1      | Found Sehaifeng's Distillery.
   544 | D:1      | Found a faded altar of an unknown god.
   751 | D:2      | Reached XP level 3. HP: 22/23 MP: 3/3
   807 | D:2      | Reached skill level 1 in Invocations
  1141 | D:2      | Reached skill level 1 in Evocations
  1141 | D:2      | Reached XP level 4. HP: 24/29 MP: 4/4
  1529 | D:3      | Noticed Terence
  1544 | D:3      | Killed Terence
  1646 | D:3      | Identified the +7 hand axe "Yshiy" {speed, rElec rF- rCorr
                  | Str+3}
  1945 | D:3      | Reached XP level 5. HP: 12/33 MP: 6/6
  1952 | D:3      | Reached skill level 1 in Dodging
  2048 | D:3      | Noticed Ijyb
  2065 | D:3      | Killed Ijyb
  2250 | D:4      | Found a runed translucent door.
  2251 | D:4      | Noticed Crazy Yiuf
  2382 | D:4      | Identified the +4 war axe of Desperation {antimagic, Will+
                  | Int+3}
  2389 | D:4      | Reached XP level 6. HP: 37/38 MP: 7/7
  2395 | D:4      | Noticed Grinder
  2397 | D:4      | Paralysed by Grinder for 3 turns
  2414 | D:4      | Paralysed by Grinder for 5 turns
  2424 | D:4      | Killed Grinder
  2425 | D:4      | Reached XP level 7. HP: 4/44 MP: 8/8
  2908 | D:4      | Killed Crazy Yiuf
  3078 | D:5      | Entered Level 5 of the Dungeon
  3092 | D:5      | Noticed Blork the orc
  3111 | D:5      | HP: 2/44 [Blork the orc/+0 long sword (4)]
  3115 | D:5      | Killed Blork the orc
  3612 | D:5      | Found a staircase to the Ecumenical Temple.
  3625 | Temple   | Entered the Ecumenical Temple
  3633 | Temple   | Became a worshipper of the Shining One
  4049 | D:6      | Reached XP level 8. HP: 31/48 MP: 10/10
  4058 | D:6      | Reached skill level 5 in Fighting
  4147 | D:6      | Reached skill level 5 in Armour
  4235 | D:6      | Reached skill level 5 in Shields
  4878 | D:7      | Found a shadowy altar of Dithmenos.
  5119 | D:7      | Reached XP level 9. HP: 48/55 MP: 12/12
  5291 | D:7      | Found an iron altar of Okawaru.
  5294 | D:7      | Found an opulent altar of Gozag.
  5350 | D:7      | Identified the +10 short sword of Ambiguity {flame, rElec
                  | Dex+2}
  5630 | D:8      | Reached * piety under the Shining One
  5945 | D:8      | Reached skill level 5 in Invocations
  6041 | D:8      | Gained mutation: You have a somewhat thin skeletal
                  | structure. (Dex +2, Stealth+) [potion of mutation]
  6042 | D:8      | Lost mutation: You have a somewhat thin skeletal structure.
                  | (Dex +2, Stealth+) [potion of mutation]
  6042 | D:8      | Gained mutation: Your spells are a little easier to cast,
                  | but a little less powerful. [potion of mutation]
  6042 | D:8      | Gained mutation: You are weak. (Str -2) [potion of
                  | mutation]
  6042 | D:8      | Gained mutation: You are clumsy. (Dex -2) [potion of
                  | mutation]
  6042 | D:8      | Gained mutation: Your flesh is cold resistant. (rC+)
                  | [potion of mutation]
  6043 | D:8      | Lost mutation: Your flesh is cold resistant. (rC+) [potion
                  | of mutation]
  6043 | D:8      | Lost mutation: You are weak. (Str -2) [potion of mutation]
  6043 | D:8      | Lost mutation: Your spells are a little easier to cast, but
                  | a little less powerful. [potion of mutation]
  6043 | D:8      | Gained mutation: You have hidden genetic defects. [potion
                  | of mutation]
  6043 | D:8      | Gained mutation: You are partially covered in iridescent
                  | scales. (AC +2) [potion of mutation]
  6136 | D:8      | Noticed a two-headed ogre
  6146 | D:8      | Killed a two-headed ogre
  6147 | D:8      | Reached skill level 5 in Long Blades
  6147 | D:8      | Reached XP level 10. HP: 49/61 MP: 12/14
  6157 | D:8      | Gained mutation: You sometimes lose your temper in combat.
                  | [hidden defects]
  6323 | D:8      | Noticed Joseph
  6336 | D:8      | Killed Joseph
  6900 | D:9      | Noticed Psyche
  6914 | D:9      | Gained mutation: Your body sometimes deteriorates upon
                  | taking damage. [hidden defects]
  6914 | D:9      | Lost mutation: You have hidden genetic defects. [hidden
                  | defects expressed]
  6922 | D:9      | Reached skill level 5 in Evocations
  6933 | D:9      | Killed Psyche
  7059 | D:9      | Noticed Erolcha
  7059 | D:9      | Reached ** piety under the Shining One
  7071 | D:9      | Killed Erolcha
  7072 | D:9      | Reached XP level 11. HP: 68/68 MP: 15/15
  7138 | D:9      | Noticed Jeremiah
  7347 | D:9      | Jeremiah changed into Jeremiah the wind drake
  7347 | D:9      | Noticed Jeremiah
  7373 | D:9      | Killed from afar by Jeremiah the wind drake

Illustrated notes

Levels and vault maps discovered:
D:1:      eino_arrival_water_cross, layout_loops_ring,
          dreamdust_ecumenical_altar_hidden_monk_grotto, serial_shops, shop
D:2:      layout_loops_ring
D:3:      layout_basic, uniq_ijyb, uniq_terence
D:4:      layout_cave_pools, uniq_crazy_yiuf_cottage, uniq_grinder
D:5:      layout_rooms, minmay_temple_entry_drinking_statues, uniq_blork_the_orc
D:6:      layout_rooms, grunt_decor_cap, minmay_misc_feat_tower
D:7:      layout_basic, chequers_temple_overflow_statue_of_worship
D:8:      layout_basic, uniq_joseph
D:9:      layout_loops_ring, marbit_many_paths, uniq_jeremiah, uniq_erolcha,
          uniq_psyche
Temple:   dpeg_three_leaves_temple

Skill      XL: |  1  2  3  4  5  6  7  8  9 10 |
---------------+-------------------------------+-----
Long Blades    | 2 3 4 5 6 |  6.1
Invocations    | 1 2 3 4 5 6 |  6.6
Evocations     | 1 2 3 4 5 |  5.4
Dodging        | 1 2 3 4 |  4.9
Armour         | 4 5 6 7 |  7.5
Fighting       | 4 5 6 7 |  7.8
Shields        | 4 5 6 7 |  7.5

Action                     |  1- 3 |  4- 6 |  7- 9 | 10-12 || total
---------------------------+-------+-------+-------+-------++-------
  Melee: Long sword        |   131 |   112 |   387 |       ||   630
         Short sword       |       |       |    84 |   152 ||   236
 Invoke: Divine Shield     |       |       |     1 |     1 ||     2
  Evoke: Wand              |       |     2 |    11 |     6 ||    19
    Use: Potion            |       |     2 |     9 |       ||    11
         Scroll            |       |     4 |     3 |     3 ||    10
 Armour: Scale mail        |   120 |   109 |   328 |       ||   557
         Skin              |       |       |    20 |       ||    20
         Chain mail        |       |       |    80 |    15 ||    95
         Plate armour      |       |       |       |    70 ||    70
  Dodge: Dodged            |    84 |    43 |   220 |    32 ||   379
  Block: Buckler           |    26 |    33 |   109 |    32 ||   200

Table legend: (Time is in decaauts)
 A = Elapsed time spent in this place.
 B = Non-inter-level travel time spent in this place.
 C = Inter-level travel time spent in this place.
 D = Time resting spent in this place.
 E = Time spent auto-exploring this place.
 F = Levels seen in this place.
 G = Mean time per level.
                   A        B        C        D        E       F      G
               +--------+--------+--------+--------+--------+-----+--------+
         Total |   7524 |   7302 |    222 |    431 |   4980 |  10 |  752.4 |
       Dungeon |   7510 |   7288 |    222 |    431 |   4980 |   9 |  834.4 |
        Temple |     14 |     14 |      0 |      0 |      0 |   1 |   14.0 |
               +--------+--------+--------+--------+--------+-----+--------+

Top non-repeatable levels by time:
     D:8: 1367 daAuts
     D:5: 983 daAuts
     D:4: 874 daAuts
     D:6: 857 daAuts
     D:2: 796 daAuts
     D:3: 779 daAuts
     D:1: 714 daAuts
     D:7: 712 daAuts
     D:9: 424 daAuts
  Temple: 14 daAuts
